 Dungeon Crawl Stone Soup version bcrawl-1.21.2-20-g6d45ba5942 (webtiles) character file.

Game seed: 12530230775132637511

56 MisterOstroum the Ruffian (level 3, 0/35 HPs)
             Began as a Troll Transmuter on Feb 29, 2020.
             Succumbed to Ijyb's poison
             ... on level 2 of the Dungeon.
             The game lasted 00:00:43 (1310 turns).

MisterOstroum the Ruffian (Troll Transmuter)        Turns: 1310, Time: 00:00:44

Health: 0/35       AC:  0    Str: 19    XL:     3   Next: 71%
Magic:  3/4        EV: 19    Int: 10    God:
Gold:   205        SH:  0    Dex: 15    Spells: 4/5 levels left

rFire    . . .     SeeInvis .     - Unarmed
rCold    . . .     Gourm    +   (shield currently unavailable)
rNeg     . . .     Faith    .   (armour unavailable)
rPois    .         Spirit   .   (helmet currently unavailable)
rElec    .         Reflect  .   (cloak currently unavailable)
rCorr    .         Harm     .   (gloves unavailable)
MR       .....                  (boots unavailable)
Stlth    +.........             (no amulet)
HPRegen  0.11/turn              (ring currently unavailable)
MPRegen  0.09/turn              (ring currently unavailable)

@: lethally poisoned (0 -> -4), bat-form (expiring), berserk cooldown, flying,
slowed, quick
A: tiny, almost no armour, unfitting armour, fast metabolism 3, gourmand, AC +5
a: no special abilities


You were on level 2 of the Dungeon.
You were very full.
You were in bat-form.
You visited 1 branch of the dungeon, and saw 2 of its levels.

You collected 205 gold pieces.

Inventory:

Missiles
 a - 120 arrows
 b - 239 stones (quivered)
 n - 134 tomahawks
 o - 105 bolts
Scrolls
 g - 2 scrolls of identify {unknown}
 h - a scroll of blinking {unknown}
 i - a scroll of fog {unknown}
 j - a scroll of remove curse {unknown}
 l - a scroll of teleportation {unknown}
Potions
 c - 2 potions of lignification {@q6}
 d - a potion of mutation {unknown}
 f - 2 potions of heal wounds {unknown}
 k - a potion of flight {unknown}
 m - a potion of cancellation {unknown}
Comestibles
 e - 4 rations {!d}
 p - a chunk of flesh


   Skills:
 * Level 1.9 Fighting
 + Level 2.1 Dodging
 * Level 3.7 Unarmed Combat
 - Level 1.5 Spellcasting
 - Level 1.2 Transmutations


You had 4 spell levels left.
You knew the following spells:

 Your Spells              Type           Power        Failure   Level  Hunger
a - Beastly Appendage     Tmut           #.....       21%         1    ##.....

Your spell library contained the following spells:

 Spells                   Type           Power        Failure   Level  Hunger
 Sticks to Snakes         Tmut           #.......     30%         2    ###....
 Spider Form              Tmut/Pois      #..          58%         3    ####...
 Ice Form                 Ice/Tmut       #.......     94%         4    #####..
 Blade Hands              Tmut           #.........   99%         5    ######.


Dungeon Overview and Level Annotations

Branches:
Dungeon (2/12)

Altars:

Annotations:
D:2 Ijyb


Innate Abilities, Weirdness & Mutations

You cannot wear most types of armour.
((Your thick skin is tough. (AC +5)))
You are too large for most types of armour.
((You have claws for hands.))
Your metabolism is lightning-fast.
You like to eat raw meat.


Message History

You hit Ijyb but do no damage.
Ijyb is lightly wounded.
Ijyb completely misses you.
You hit Ijyb but do no damage.
Ijyb is lightly wounded.
Ijyb hits you with a +1 dagger of chaos.
You closely miss Ijyb.
Ijyb is lightly wounded.
You feel sick.
You hit Ijyb but do no damage.
Ijyb is lightly wounded.
Ijyb hits you with a +1 dagger of chaos.
You are more poisoned.
You hit Ijyb but do no damage.
Ijyb is lightly wounded.
You feel sick.
You hit Ijyb but do no damage.
Ijyb is lightly wounded.
Ijyb closely misses you.
You hit Ijyb but do no damage.
Ijyb is lightly wounded.
You feel sick.
You hit Ijyb but do no damage.
Ijyb is lightly wounded.
You feel sick. Ijyb closely misses you.
You hit Ijyb but do no damage.
Ijyb is lightly wounded.
You feel sick. Ijyb barely misses you.
You hit Ijyb but do no damage.
Ijyb is lightly wounded.
You hit Ijyb.
Ijyb is lightly wounded.
You feel sick. Ijyb closely misses you.
You hit Ijyb.
Ijyb is moderately wounded.
You hit Ijyb but do no damage.
Ijyb is moderately wounded.
You feel sick. Ijyb misses you.
You hit Ijyb but do no damage.
Ijyb is moderately wounded.
Ijyb barely misses you.
You hit Ijyb but do no damage.
Ijyb is moderately wounded.
You feel sick.
You hit Ijyb but do no damage.
Ijyb is moderately wounded.
You feel sick.
Ijyb hits you with a +1 dagger of chaos.
A red film seems to cover your vision as you go berserk!
You feel yourself moving faster!
You feel mighty!
You are too injured to fight recklessly!
You are too injured to fight recklessly!
You are too injured to fight recklessly!
You are too injured to fight recklessly!
You are too injured to fight recklessly!
You are too injured to fight recklessly!
You are too injured to fight recklessly!
You feel a strong urge to attack something.
Ijyb hits you with a +1 dagger of chaos.
You feel yourself slow down.
You hit Ijyb.
Ijyb is moderately wounded.
You feel sick. Ijyb misses you.
You hit Ijyb but do no damage.
Ijyb is moderately wounded.
You feel sick.
Ijyb hits you with a +1 dagger of chaos.
Ijyb burns you.
You hit Ijyb but do no damage.
Ijyb is moderately wounded.
Your extra speed is starting to run out.
Ijyb hits you with a +1 dagger of chaos.
You feel your power leaking away.
You hit Ijyb but do no damage.
Ijyb is moderately wounded.
You feel sick. Ijyb completely misses you.
You hit Ijyb.
Ijyb is heavily wounded.
You are too berserk!
You completely miss Ijyb.
Ijyb is heavily wounded.
You feel sick. Ijyb barely misses you.
You hit Ijyb.
Ijyb is heavily wounded.
Your transformation is almost over.
Ijyb closely misses you.
You hit Ijyb.
Ijyb is severely wounded.
You are no longer berserk.
You are exhausted.
You feel as though you will be slow longer.
You feel sick. Ijyb barely misses you.
You hit Ijyb but do no damage.
Ijyb is severely wounded.
You feel yourself slow down. Ijyb hits you but does no damage.
You are electrocuted!
* * * LOW HITPOINT WARNING * * *
You hit Ijyb but do no damage.
Ijyb is severely wounded.
You die...

#.#.#####.##
#.#.#.รท.............
#.#.##.....#
#.#.#.......#####...
#.#..#.....#
#.#.#.......# #...
..##.#.....#
#.#.##.....## #...
####.......#
#.#.######## #...
...........#
#.#.######## #...
#####...#+##
#.#gg....... ####
##..#.# #.#g##......
######..#.# #.#b#
..... ..........#
#.#.# .g..
.######.### #.#.# g..
#..#####.#.# ..
#........#.# .
######.#####.#.#
#....#..####.#.#
#............#.#
#............#.#


You could see Ijyb and 2 goblins.

Vanquished Creatures
  A worker ant (D:2)
  A dart slug (D:2)
  3 leopard geckos (D:1)
  An orc (D:2)
  3 giant cockroaches (D:1)
  A hobgoblin (D:1)
  A jackal (D:1)
  6 kobolds
  2 ball pythons (D:1)
  A bat (D:1)
  3 frilled lizards (D:2)
  5 rats
28 creatures vanquished.

Notes
Turn   | Place    | Note
-------+----------+-------------------------------------------
     0 | D:1      | MisterOstroum the Troll Transmuter began the quest for the
                  | Orb.
     0 | D:1      | Reached XP level 1. HP: 18/18 MP: 2/2
    76 | D:1      | Reached skill level 1 in Fighting
   163 | D:1      | Reached XP level 2. HP: 27/27 MP: 3/3
  1025 | D:2      | Reached XP level 3. HP: 34/35 MP: 4/4
  1253 | D:2      | Noticed Ijyb
  1309 | D:2      | HP: 1/35 [Ijyb/+1 dagger of chaos (12)]
  1310 | D:2      | Succumbed to Ijyb's poison

Skill      XL: |  1  2 |
---------------+-------+-----
Fighting       | 1 |  1.9
Dodging        | 2 |  2.1
Unarmed Combat | |  3.7
Spellcasting   | |  1.5
Transmutations | |  1.2

Action                   || total
-------------------------++-------
Melee: Unarmed           ||   106
Throw: Stone             ||    49
 Stab: Sleeping          ||     1
  Eat: Chunk             ||    13
Armor: Skin              ||    30
Dodge: Dodged            ||    46
